Map: Galactic Process LE

Players

Fropez

  • Race: Protoss Protoss
  • League: Gold
  • Spawn Location: 1:00

tnerb - Winner!

  • Race: Zerg Zerg
  • League: Gold
  • Spawn Location: 7:00

VOD

Have the link to the VOD?

Description

Time

  • Played on: Nov. 10, 2016, 5:55 p.m.
  • Length: 6:16
Show
View Real Time Build Order
Export as new Build Order

Fropez Protoss 

Build Orders:  

Get SALT Encoding   

  12  0:21  Pylon  
  12  0:24  Probe (Chrono Boost)  
  13  0:31  Assimilator  
  13  0:34  Probe (Chrono Boost)  
  14  0:39  Gateway  
  14  0:45  Probe (Chrono Boost)  
  15  0:55  Probe (Chrono Boost)  
  16  1:00  Gateway  
  16  1:06  Probe (Chrono Boost)  
  17  1:16  Probe (Chrono Boost)  
  18  1:27  Cybernetics Core  
  18  1:30  Probe (Chrono Boost)  
  19  1:33  Assimilator  
  19  1:40  Probe (Chrono Boost)  
  20  1:47  Pylon  
  20  1:51  Probe (Chrono Boost)  
  21  2:02  Probe (Chrono Boost)  
  21  2:08  Twilight Council  
  22  2:09  Warp Gate (Chrono Boost)  
  22  2:13  Probe (Chrono Boost)  
  23  2:20  Adept x2  
  27  2:25  Probe  
  28  2:42  Gateway  
  28  2:44  Resonating Glaives (Chrono Boost)  
  28  2:54  Adept  
  30  3:00  Pylon  
  30  3:05  Pylon  
  30  3:11  Probe  
  31  3:19  Adept  
  33  3:21  Adept  
  31  4:04  Nexus  
  31  4:08  Pylon, Probe  
  32  4:20  Probe  
  32  4:21  Adept x3  
  29  5:24  Adept x3  
  33  5:32  Probe  
  33  5:33  Gateway  
  33  5:35  Mothership Core  
  34  5:37  Gateway  
  34  5:39  Gateway  
  34  5:40  Assimilator  
  36  5:42  Assimilator  
  36  5:46  Adept x3  
  41  6:03  Pylon  
  39  6:05  Pylon  
  39  6:10  Stalker x2  
  40  6:12  Stalker  
Show
View Real Time Build Order
Export as new Build Order

tnerb Zerg - Winner!

Build Orders: Hatch First 

Get SALT Encoding   

  12  0:02  Drone  
  13  0:08  Drone  
  14  0:15  Extractor  
  14  0:18  Extractor  
  14  0:19  Drone  
  13  0:22  Drone  
  16  0:50  Hatchery  
  16  0:54  Overlord  
  15  1:12  Spawning Pool  
  14  1:21  Drone  
  14  1:22  Drone x2  
  14  1:25  Extractor  
  16  1:36  Drone  
  17  1:48  Drone  
  18  1:58  Drone  
  18  2:00  Queen  
  21  2:10  Queen  
  21  2:11  Drone  
  21  2:12  Drone  
  25  2:20  Overlord  
  25  2:24  Drone x2  
  27  2:32  Roach Warren  
  27  2:34  Metabolic Boost  
  26  2:38  Drone  
  26  2:44  Drone x2  
  29  2:51  Drone  
  29  2:52  Drone  
  29  2:57  Drone  
  32  2:59  Overlord  
  32  3:11  Queen  
  34  3:14  Drone x2  
  36  3:24  Spore Crawler  
  34  3:32  Roach x4  
  34  3:33  Roach  
  41  3:44  Spore Crawler  
  36  4:03  Drone  
  36  4:04  Drone x4  
  41  4:10  Overlord  
  41  4:15  Drone  
  42  4:28  Drone x3  
  42  4:31  Drone x4  
  44  4:58  Roach x6  
  51  5:04  Zergling x2  
  44  5:44  Drone  
Tags
 
League
GoldGold
Matchup
PvZ
Replay Pack
All Mines
Spawn Locations
Cross Positions
Add a new tag
Caveats
  • Supply blocks, unpowered buildings, or Contaminate may cause inaccurate times.
  • Supply counts are checked every 10 seconds.